 Dungeon Crawl Stone Soup version 0.32-a0-666-ge8a88695a4 (webtiles) character file.

Game seed: 12944608042471638685

12292 LobsterGuardian the Spear-Bearer (level 11, 0/124 (126) HPs)
             Began as a Coglin Berserker on Mar 8, 2024.
             Was a High Priest of Trog.
             Succumbed to Grum's poison
             ... on level 10 of the Dungeon on Mar 9, 2024.
             The game lasted 00:25:07 (9575 turns).

LobsterGuardian the Spear-Bearer (Coglin Berserker) Turns: 9575, Time: 00:25:08

HP:   0/124 (126)   AC: 20    Str: 21    XL:     11   Next: 91%
MP:   11/11         EV: 10    Int:  7    God:    Trog [*****.]
Gold: 686           SH:  0    Dex: 14    Spells: 10/10 levels left

rFire   . . .        q - +3 trident (drain) {Servia}
rCold   . . .        E - +2 spear (venom) {Tamara}
rNeg    . . .        B - +0 chain mail
rPois   .            f - +1 helmet
rElec   .            D - +0 cloak
rCorr   .            A - +0 pair of gloves
SInv    .            F - +2 pair of boots {rampage}
Will    +....        (amulet unavailable) Stlth
                     (ring unavailable)
HPRegen 0.40/turn    (ring unavailable)
MPRegen 0.12/turn    (no gizmo)

%: rampage
@: berserking (expiring), lethally poisoned (0 -> -11), lightly drained, revved,
very quick
A: off-hand wielding, slow wielding, warmup strikes, no jewellery, strong-willed
1, mutation resistance 1, noise suppression
a: Invent Gizmo, Renounce Religion, Berserk, Trog's Hand, Brothers in Arms


You were on level 10 of the Dungeon.
You worshipped Trog.
Trog was extremely pleased with you.
You visited 1 branch of the dungeon, and saw 10 of its levels.
You also visited: Sewer and Bailey.

You collected 686 gold pieces.

Inventory:

Hand Weapons
 h - the +7 lajatang of Order {silver, rMut}
   (You found it in a bailey)

   rMut:      It protects you from mutation.
 q - a +3 trident of draining (weapon) {Servia}
 E - a +2 spear of venom (offhand) {Tamara}
Missiles
 w - a throwing net
Armour
 f - a +1 helmet (worn)
 A - a +0 pair of gloves (worn)
 B - a +0 chain mail (worn)
 D - a +0 cloak (worn)
 F - a +2 pair of boots of rampaging (worn)
Wands
 a - a wand of charming (6)
 c - a wand of flame (21)
 y - a wand of polymorph (13)
Scrolls
 b - 3 scrolls of poison
 e - a scroll of enchant armour
 j - 3 scrolls of teleportation
 k - 3 scrolls of immolation
 l - a scroll of blinking
 n - 2 scrolls of noise
 o - a scroll of revelation
 t - a scroll of torment
 u - a scroll of identify
 z - a scroll of fear {unknown}
Potions
 d - 5 potions of lignification
 g - 5 potions of curing
 i - 7 potions of heal wounds
 m - a potion of invisibility
 p - a potion of brilliance
 r - 3 potions of enlightenment
 s - 2 potions of might
 v - a potion of berserk rage
 x - 2 potions of resistance
 C - a potion of magic {unknown}


   Skills:
 + Level 7.4 Fighting
 - Level 14.0 Polearms
 + Level 9.4 Armour
 + Level 3.6 Dodging


You had 10 spell levels left.
You didn't know any spells.
Your spell library was empty.

Dungeon Overview and Level Annotations

Branches:
Dungeon (10/15)            Temple (0/1) D:7           Sewer (visited)
 Bailey (visited)
   Lair: D:8-11         Orc: D:9-12

Altars:
Cheibriados
Dithmenos
Gozag
Makhleb
Okawaru
Qazlal
Ru
Trog
Uskayaw
Wu Jian
Xom
Zin

Shops:
D:8 :   D:9 =???!


Innate Abilities, Weirdness & Mutations

You can wield a second weapon in your off-hand.
It takes a long time for you to wield or remove held weapons.
Your first few attacks do less damage.
You cannot equip rings or amulets.
You are strong-willed. (Will+)
You are somewhat resistant to further mutation.
You passively dampen the noise of your surroundings.


Message History

You feel sick.
Grum hits you from afar with a -1 spear of venom.
* * * LOW HITPOINT WARNING * * *
You are lethally poisoned!
Reach: q) +3 trident (drain) {Servia}
Press: ? - help, Dir - move target, f/p - Grum
Aim: Grum, wielding a -1 spear of venom and wearing a +2 animal skin (severely wounded, very poisoned, about 27% to evade your +3 trident of draining)
You reach to attack!
You impale Grum with your +3 trident of draining!!
You kill Grum!
Trog accepts your kill.
* * * LOW HITPOINT WARNING * * *
You feel sick. The wolf bites you but does no damage.
Unknown command.
You closely miss the wolf with your +2 spear of venom.
You closely miss the wolf with your +3 trident of draining.
* * * LOW HITPOINT WARNING * * *
You feel very sick.
You hit the wolf with your +2 spear of venom.
The wolf is poisoned.
The wolf is moderately wounded.
You puncture the wolf with your +3 trident of draining!
You drain the wolf.
* * * LOW HITPOINT WARNING * * *
You feel sick. The wolf bites you.
* * * LOW HITPOINT WARNING * * *
You puncture the wolf with your +2 spear of venom!
You kill the wolf!
Trog accepts your kill.
* * * LOW HITPOINT WARNING * * *
You feel sick.
Unknown command.
You are too berserk!
* * * LOW HITPOINT WARNING * * *
You feel sick.
You see here a wolf corpse.
You feel a strong urge to attack something.
* * * LOW HITPOINT WARNING * * *
You feel very sick.
You die...

#......†...#####.......
#.....#..### #.......
#....##.## . ..#####.
#.......# ..
##..#######.##
#..##........
#####†.##........
.#......†)........
)......)†.@.......
..................
..................
.#........########
#........# ##########


There were no monsters in sight!

Vanquished Creatures
  A two-headed ogre (Bailey)
  Maurice (D:8)
  Jeremiah (D:9)
  A komodo dragon (D:7)
  2 hornets
  A troll (D:9)
  Grinder (D:3)
  A wraith (D:9)
  6 spriggans (Bailey)
  2 wyverns
  11 yaks (D:8)
  Grum (D:10)
  An acid dragon (Bailey)
  3 orc warriors
  An ice beast (D:8)
  3 black bears
  5 ogres
  3 wolves (D:10)
  2 centaurs
  3 kobold brigands
  2 phantoms (D:6)
  A gnoll sergeant (D:6)
  A bullfrog (D:7)
  2 scorpions (D:6)
  14 wights
  4 killer bees (D:10)
  2 electric eels
  9 howler monkeys
  3 bombardier beetles
  4 hounds
  4 orc priests
  4 gnoll boudas
  A sleepcap (D:8)
  6 orc wizards
  5 iguanas
  Natasha (twice) (D:3)
  Terence (D:3)
  30 gnolls
  12 adders
  2 river rats (Sewer)
  2 white imps (D:7)
  3 ufetubi
  2 dart slugs (D:1)
  2 ribbon worms (D:2)
  26 orcs
  3 bats (D:3)
  4 endoplasms
  4 giant cockroaches
  3 goblins
  6 hobgoblins
  5 jackals
  16 kobolds
  2 quokkas
  3 ball pythons
  2 frilled lizards (D:2)
  4 rats
246 creatures vanquished.

Vanquished Creatures (others)
  A gnoll (D:8)
1 creature vanquished.

Grand Total: 247 creatures vanquished

Notes
Turn   | Place    | Note
-------+----------+-------------------------------------------
     0 | D:1      | LobsterGuardian the Coglin Berserker began the quest for
                  | the Orb.
     0 | D:1      | Reached XP level 1. HP: 18/18 MP: 1/1
    20 | D:1      | Noticed a glass eye
    22 | D:1      | Found a faded altar of an unknown god.
    23 | D:1      | Noticed a golden eye
    23 | D:1      | Noticed a glass eye
    23 | D:1      | Noticed a great orb of eyes
   346 | D:1      | Reached skill level 3 in Polearms
   346 | D:1      | Reached XP level 2. HP: 24/24 MP: 2/2
   929 | D:2      | Found an ornate altar of the Wu Jian Council.
  1187 | D:2      | Reached XP level 3. HP: 29/29 MP: 3/3
  1484 | D:2      | Reached ** piety under Trog
  1570 | D:3      | Noticed Grinder
  1579 | D:3      | Reached skill level 4 in Polearms
  1579 | D:3      | Reached XP level 4. HP: 33/35 MP: 4/4
  1592 | D:3      | Killed Grinder
  1593 | D:3      | Reached skill level 5 in Polearms
  1593 | D:3      | Reached XP level 5. HP: 42/42 MP: 5/5
  1593 | D:3      | Reached XP level 6. HP: 48/48 MP: 6/6
  1639 | D:3      | Found a hide-covered altar of Uskayaw.
  1640 | D:3      | Found a sacrificial altar of Ru.
  1783 | D:3      | Noticed Terence
  1788 | D:3      | Killed Terence
  2047 | D:3      | Noticed Natasha
  2055 | D:3      | Killed Natasha
  2347 | D:3      | Found a shimmering altar of Xom.
  2363 | D:3      | Found a snail-covered altar of Cheibriados.
  2493 | D:3      | Noticed Natasha
  2497 | D:3      | Killed Natasha
  2614 | D:4      | Noticed a black bear
  2627 | D:4      | Killed a black bear
  2628 | D:4      | Reached skill level 6 in Polearms
  2628 | D:4      | Reached XP level 7. HP: 39/54 MP: 7/7
  2689 | D:4      | Found a glowing drain.
  2732 | Sewer    | Entered a sewer
  2957 | Sewer    | Found a white marble altar of Elyvilon.
  3210 | D:4      | Reached skill level 7 in Polearms
  3312 | D:4      | Found a glowing silver altar of Zin.
  3312 | D:4      | Found a burning altar of Makhleb.
  3313 | D:4      | Found a shadowy altar of Dithmenos.
  3843 | D:5      | Entered Level 5 of the Dungeon
  3866 | D:5      | Reached XP level 8. HP: 54/61 MP: 8/8
  3927 | D:5      | Noticed a wyvern
  3928 | D:5      | Upgraded the game from 0.32-a0-656-g3542139ebd to
                  | 0.32-a0-666-ge8a88695a4
  3938 | D:5      | Killed a wyvern
  4124 | D:5      | Found a stormy altar of Qazlal.
  4126 | D:5      | Found a bloodstained altar of Trog.
  4316 | D:5      | Reached skill level 8 in Polearms
  4432 | D:5      | Reached *** piety under Trog
  4780 | D:5      | Gained mutation: You passively dampen the noise of your
                  | surroundings. [potion of mutation]
  4780 | D:5      | Gained mutation: You are somewhat resistant to further
                  | mutation. [potion of mutation]
  4780 | D:5      | Gained mutation: You are strong-willed. (Will+) [potion of
                  | mutation]
  5024 | D:6      | Reached XP level 9. HP: 61/67 MP: 9/9
  5075 | D:6      | Reached skill level 9 in Polearms
  5175 | D:6      | Found an opulent altar of Gozag.
  5189 | D:6      | Reached skill level 5 in Fighting
  5615 | D:6      | Reached skill level 12 in Polearms
  5615 | D:6      | Reached XP level 10. HP: 74/74 MP: 10/10
  5819 | D:7      | Found a staircase to the Ecumenical Temple.
  6723 | D:7      | Reached skill level 13 in Polearms
  6958 | D:8      | Reached **** piety under Trog
  7199 | D:8      | Noticed Maurice
  7203 | D:8      | Something stole a +0 trident {Gurmehar}
  7207 | D:8      | Something stole a throwing net
  7212 | D:8      | Killed Maurice
  7371 | D:8      | Reached XP level 11. HP: 52/80 MP: 11/11
  7532 | D:8      | Found Homup's Tremendous Tomes.
  8015 | D:9      | Found Fitilar's Magic Scroll Emporium.
  8031 | D:9      | Found Woevauca's Distillery.
  8038 | D:9      | Found Uvvuedoor's Magic Scroll Shoppe.
  8067 | D:9      | Found Wiade's Magic Scroll Boutique.
  8075 | D:9      | Found a flagged portal.
  8085 | Bailey   | Entered a bailey
  8242 | Bailey   | Reached skill level 14 in Polearms
  8326 | Bailey   | Noticed a two-headed ogre
  8335 | Bailey   | Killed a two-headed ogre
  8390 | Bailey   | Found the +7 lajatang of Order {silver, rMut}
  8402 | Bailey   | Identified the +7 rapier of the Depths {freeze, rC+}
  8730 | D:9      | Found Opteuph's Jewellery Boutique.
  8985 | D:9      | Found an iron altar of Okawaru.
  9200 | D:9      | Noticed Jeremiah
  9214 | D:9      | Killed Jeremiah
  9419 | D:10     | Entered Level 10 of the Dungeon
  9519 | D:10     | Reached ***** piety under Trog
  9555 | D:10     | Noticed Grum
  9569 | D:10     | Killed Grum
  9572 | D:10     | HP: 6/123 [poisoned by Grum]
  9574 | D:10     | HP: 2/124 [poisoned by Grum]
  9575 | D:10     | Succumbed to Grum's poison

Illustrated notes

Levels and vault maps discovered:
D:1:      dpeg_arrival_lava_temple_mockup, layout_loops_corners,
          hellmonk_ecumenical_altar_watching_god
D:2:      layout_basic, basic_altar
D:3:      layout_loops_cross, regret_index_xom_buried_treasure,
          overflow_temple_1_default, mainiacjoe_overflow_large_starburst,
          grunt_decor_clamped, uniq_terence, uniq_grinder, uniq_natasha
D:4:      cheibrodos_old_hovel, layout_basic, gammafunk_temple_overflow_claw,
          gup_sewer_entry_glass
D:5:      layout_gridville, mainiacjoe_overflow_catwalk_spiral,
          grunt_ministairs_3, chequers_serial_rivers_room_a
D:6:      layout_basic, mainiacjoe_overflow_catwalk, kennysheep_cross_bottleneck
D:7:      kennysheep_six_static_rooms, layout_loops_corners,
          minmay_temple_entry_hall, dreamdust_gnoll_farm
D:8:      layout_rooms, minmay_misc_feat_enclosed, serial_bayou_ford_a,
          nicolae_shop_i_like_big_books, uniq_maurice
D:9:      layout_loops_ring, okawaru_ov_weapons_minmay, enter_bailey_2,
          serial_shops, shop, shop, shop, shop, nicolae_shop_waterfront,
          uniq_jeremiah
D:10:     layout_rooms, minmay_misc_feat_rows, minmay_gold_behind_fungi,
          roadster_capsule_ark_zombie, uniq_grum

Skill      XL: |  1  2  3  4  5  6  7  8  9 10 11 |
---------------+----------------------------------+-----
Polearms       | 3 4 5 6 7 8 12 13 14 | 14.0
Armour         | 2 3 4 7 8 9 |  9.4
Dodging        | 2 3 |  3.6
Fighting       | 4 5 7 |  7.4

Action                     |  1- 3 |  4- 6 |  7- 9 | 10-12 || total
---------------------------+-------+-------+-------+-------++-------
  Melee: Spear             |    83 |    54 |   349 |   111 ||   597
         Dagger            |    23 |       |       |       ||    23
         Trident           |     7 |    59 |   349 |   595 ||  1010
 Invoke: Berserk           |     1 |     1 |     8 |     9 ||    19
    Use: Scroll            |     3 |     5 |     5 |     6 ||    19
         Potion            |       |       |     2 |     2 ||     4
   Stab: Sleeping          |     2 |       |       |       ||     2
 Armour: Animal skin       |     7 |       |       |       ||     7
         Ring mail         |    16 |    24 |    99 |    28 ||   167
         Chain mail        |       |       |       |   160 ||   160
  Dodge: Dodged            |    25 |    13 |    83 |    73 ||   194

Table legend: (Time is in decaauts)
 A = Elapsed time spent in this place.
 B = Non-inter-level travel time spent in this place.
 C = Inter-level travel time spent in this place.
 D = Time resting spent in this place.
 E = Time spent auto-exploring this place.
 F = Levels seen in this place.
 G = Mean time per level.
                   A        B        C        D        E       F      G
               +--------+--------+--------+--------+--------+-----+--------+
         Total |   9588 |   9123 |    465 |    385 |   7066 |  12 |  799.0 |
       Dungeon |   8742 |   8277 |    465 |    304 |   6597 |  10 |  874.2 |
         Sewer |    451 |    451 |      0 |     30 |    213 |   1 |  451.0 |
        Bailey |    394 |    394 |      0 |     51 |    255 |   1 |  394.0 |
               +--------+--------+--------+--------+--------+-----+--------+

Top non-repeatable levels by time:
     D:7: 1296 daAuts
     D:8: 1075 daAuts
     D:5: 1070 daAuts
     D:3: 1042 daAuts
     D:9: 987 daAuts
     D:1: 921 daAuts
     D:4: 856 daAuts
     D:6: 745 daAuts
     D:2: 603 daAuts
   Sewer: 451 daAuts
  Bailey: 394 daAuts
    D:10: 142 daAuts
